 Dungeon Crawl Stone Soup version 0.29.0-7-g18a832c13a (webtiles) character file.

Game seed: 2318281653318483852

137 Bartlander the Chopper (level 5, 0/46 HPs)
             Began as a Hill Orc Fighter on Sept 1, 2022.
             Slain by an orc warrior
             ... wielding a +0 war axe
              (12 damage)
             ... on level 3 of the Dungeon.
             The game lasted 00:07:47 (2545 turns).

Bartlander the Chopper (Hill Orc Fighter)           Turns: 2545, Time: 00:07:48

Health: 0/46       AC: 11    Str: 25    XL:     5   Next: 20%
Magic:  5/5        EV:  9    Int:  8    God:
Gold:   127        SH:  4    Dex: 10    Spells: 4/4 levels left

rFire   + . .      SeeInvis .   a - +0 war axe
rCold   . . .      Faith    .   c - +0 buckler
rNeg    . . .      Spirit   .   i - +0 scale mail
rPois   .          Reflect  .   (no helmet)
rElec   +          Harm     .   (no cloak)
rCorr   +          Rampage  .   (no gloves)
Will    .....      NoCast   +   e - +3 pair of boots "Dudememm" {rF+ rCorr}
Stlth   ..........              j - amulet "Bekkit" {Acrobat -Cast rElec Str+4}
HPRegen 0.15/turn               (no ring)
MPRegen 0.09/turn               (no ring)

@: mighty
A: no striking features
a: no special abilities


You were on level 3 of the Dungeon.
You visited 1 branch of the dungeon, and saw 3 of its levels.

You collected 127 gold pieces.

Inventory:

Hand Weapons
 a - a +0 war axe (weapon)
 b - a +0 sling
Armour
 c - a +0 buckler (worn)
 e - the +3 pair of boots "Dudememm" (worn) {rF+ rCorr}
   (You acquired it on level 1 of the Dungeon)

   rF:        It protects you from fire.
   rCorr:     It protects you from acid and corrosion.
 i - a +0 scale mail (worn)
Jewellery
 j - the amulet "Bekkit" (around neck) {Acrobat -Cast rElec Str+4}
   (You acquired it on level 1 of the Dungeon)

   [amulet of the acrobat]

   It increases your evasion while moving and waiting.
   Str:       It affects your strength (+4).
   rElec:     It insulates you from electricity.
   -Cast:     It prevents spellcasting.
 m - a ring of wizardry
Scrolls
 h - 2 scrolls of butterflies
 l - a scroll of amnesia {unknown}
 o - a scroll of identify
 q - a scroll of poison
 r - a scroll of teleportation
Potions
 d - 4 potions of might
 g - a potion of invisibility {unknown}
 k - a potion of mutation {unknown}
 n - a potion of brilliance {unknown}
 p - 2 potions of resistance {unknown}


   Skills:
 - Level 3.8 Fighting
 + Level 6.5 Axes
 - Level 3.4 Armour
 - Level 3.4 Shields


You had 4 spell levels left.
You didn't know any spells.
Your spell library was empty.

Dungeon Overview and Level Annotations

Branches:
Dungeon (3/15)

Altars:
Elyvilon


Message History

The orc warrior attacks as you move away!
The orc warrior hits you with a +0 war axe.
You bump into the rock wall.
The orc warrior barely misses you.
You bump into the rock wall.
You feel less confused.
The orc warrior hits you but does no damage.
You hit the orc warrior.
The orc warrior is lightly wounded.
The orc warrior barely misses you.
You hit the orc warrior.
The orc warrior is moderately wounded.
The orc warrior hits you with a +0 war axe.
The orc wizard casts a spell.
The orc wizard flickers and vanishes!
Deactivating autopickup; reactivate with Ctrl-A.
You barely miss the orc warrior.
The orc warrior is moderately wounded.
The orc warrior barely misses you.
You closely miss the orc warrior.
The orc warrior is moderately wounded.
The orc warrior hits you with a +0 war axe.
You slash the orc warrior!
The orc warrior is heavily wounded.
The orc warrior hits you with a +0 war axe! x2
* * * LOW HITPOINT WARNING * * *
You feel better. The orc warrior barely misses you.
You barely miss the orc warrior.
The orc warrior is heavily wounded.
The orc warrior hits you with a +0 war axe.
* * * LOW HITPOINT WARNING * * *
You barely miss the orc warrior.
The orc warrior is heavily wounded.
The orc warrior barely misses you.
You hit the orc warrior.
The orc warrior is severely wounded.
The orc warrior barely misses you.
You barely miss the orc warrior.
The orc warrior is severely wounded.
The orc warrior hits you with a +0 war axe!
You die...

#........ #........ #.#..##.. #
#.#.###.# ...# #.......#
####.#####.......#
#############{o...............
##...#......##o##..#.##....#.[#
###......####.##@##.o#.##....#..#
.#.......####.##.# .....#(......#
............#.##.###.#..........#
.#.........................#†####
###.........#.##.###########.#
...#...#......##.# ##.##
##.#############.# #...# #.#
#####)#### #...# #.#
#######........# #...#


You could see an orc warrior and an orc.

Vanquished Creatures
  A hound (D:2)
  An orc wizard (D:3)
  4 adders
  A dart slug (D:3)
  An orc (D:3)
  6 ball pythons
  6 bats
  5 endoplasms
  4 giant cockroaches
  4 goblins
  3 hobgoblins
  2 quokkas (D:3)
  A frilled lizard (D:2)
  5 rats
44 creatures vanquished.

Notes
Turn   | Place    | Note
-------+----------+-------------------------------------------
     0 | D:1      | Bartlander the Hill Orc Fighter began the quest for the
                  | Orb.
     0 | D:1      | Reached XP level 1. HP: 19/19 MP: 1/1
   320 | D:1      | Reached skill level 3 in Axes
   320 | D:1      | Reached XP level 2. HP: 21/27 MP: 2/2
  1069 | D:1      | Identified 2 scrolls of acquirement
  1069 | D:1      | Acquired the +3 pair of boots "Dudememm" {rF+ rCorr}
  1070 | D:1      | Acquired the amulet "Bekkit" {Acrobat -Cast rElec Str+4}
  1225 | D:2      | Reached skill level 4 in Axes
  1225 | D:2      | Reached XP level 3. HP: 33/33 MP: 3/3
  1451 | D:2      | Reached skill level 5 in Axes
  1451 | D:2      | Reached XP level 4. HP: 35/40 MP: 4/4
  2205 | D:3      | Noticed an orc warrior
  2274 | D:3      | Reached skill level 6 in Axes
  2297 | D:3      | Found a white marble altar of Elyvilon.
  2529 | D:3      | Reached XP level 5. HP: 43/46 MP: 5/5
  2545 | D:3      | Slain by an orc warrior

Illustrated notes

Levels and vault maps discovered:
D:1:      erik_arrival_cave_to_civilisation [erik_arrival_cave_to_hall],
          layout_loops_corners
D:2:      layout_basic, shapermc_ecumenical_altar_petra
D:3:      layout_loops_cross, old_standard_altar

Skill      XL: |  1  2  3  4 |
---------------+-------------+-----
Axes           | 3 4 5 6 |  6.5
Fighting       | |  3.8
Armour         | |  3.4
Shields        | |  3.4

Action                   |  1- 3 |  4- 6 || total
-------------------------+-------+-------++-------
Melee: War axe           |    61 |    83 ||   144
  Use: Scroll            |     5 |     2 ||     7
       Potion            |       |     2 ||     2
Armor: Scale mail        |    36 |    27 ||    63
Dodge: Dodged            |    39 |    35 ||    74
Block: Buckler           |    15 |    22 ||    37
